 Dungeon Crawl Stone Soup version 0.31.0-32-g396128a36d (webtiles) character file.

Game seed: 13216060781162657530

121 tizbic2 the Ruffian (level 4, -1/33 HPs)
             Began as a Demonspawn Shapeshifter on Mar 18, 2024.
             Succumbed to Sigmund's poison
             ... on level 2 of the Dungeon on Mar 19, 2024.
             The game lasted 00:08:34 (1457 turns).

tizbic2 the Ruffian (Demonspawn Shapeshifter)       Turns: 1457, Time: 00:08:34

Health: -1/33      AC:  9    Str: 17    XL:     4   Next: 77%
Magic:  0/6        EV: 10    Int: 10    God:
Gold:   16         SH:  0    Dex: 14    Spells: 3/3 levels left

rFire   . . .        o - +0 mace (vamp)
rCold   + . .        (no shield)
rNeg    . . .        r - +3 scale mail {rC+}
rPois   .            f - melded +0 helmet
rElec   +            (cloak currently unavailable)
rCorr   .            (gloves currently unavailable)
SInv    .            (boots currently unavailable)
Will    .....        p - amulet of guardian spirit
Stlth   +            (no ring)
HPRegen 0.25/turn    (no ring)
MPRegen 0.10/turn

%: guardian spirit
@: lethally poisoned (-1 -> -17), beast-form
A: beast (slay +1), thin skeletal structure 1, powered by death 1, talons 1,
electricity resistance
a: Begin Untransformation


You were on level 2 of the Dungeon.
You were a hulking beast.
You visited 1 branch of the dungeon, and saw 2 of its levels.

You collected 16 gold pieces.

Inventory:

Hand Weapons
 j - a +0 hand axe
 o - a +0 vampiric mace (weapon)
 t - a +0 dagger of venom
 u - a +2 short sword of speed
Armour
 a - a +0 animal skin
 f - a +0 helmet (melded)
 n - a +0 robe
 r - a +3 scale mail of cold resistance (worn)
Magical Staves
 m - a staff of fire
Jewellery
 p - an amulet of guardian spirit (around neck)
Talismans
 c - a beast talisman (active)
 d - a flux talisman
Scrolls
 g - 2 scrolls of identify
Potions
 b - a potion of lignification
 h - a potion of curing {unknown}
 k - a potion of invisibility {unknown}
 s - a potion of enlightenment {unknown}


   Skills:
 + Level 1.8 Fighting
 + Level 0.8 Staves
 + Level 2.3 Dodging
 * Level 3.4 Unarmed Combat
 * Level 2.8 Invocations
 + Level 3.0 Shapeshifting


You had 3 spell levels left.
You didn't know any spells.
Your spell library contained the following spells:

 Spells                   Type           Power      Damage    Failure   Level
 Dazzling Flash           Conj/Hex       0%         N/A       99%         3
 Frozen Ramparts          Ice            0%         1d1       99%         3
 Volatile Blastmotes      Fire/Tloc      0%         2d10      99%         3
 Leda's Liquefaction      Alch/Erth      0%         N/A       100%        4
 Petrify                  Alch/Erth      0%         N/A       100%        4
 Metabolic Englaciation   Hex/Ice        0%         N/A       100%        5
 Starburst                Conj/Fire      0%         6d3       100%        6
 Maxwell's Capacitive Co  Air            0%         ∞         100%        8


Dungeon Overview and Level Annotations

Branches:
Dungeon (2/15)

Altars:

Annotations:
D:2 Sigmund


Innate Abilities, Weirdness & Mutations

You are a hulking beast.
Your limbs bulge with bestial killing power. (Slay +1)
You have a somewhat thin skeletal structure. (Dex +2, Stealth+)
You regenerate a little health from kills.
You have sharp toenails.
You are resistant to electric shocks. (rElec)


Message History

You are lethally poisoned!
The ribbon worm barely misses you.
You hit the ribbon worm. You claw the ribbon worm.
You kill the ribbon worm!
You feel very sick.
You hit the rat.
You kill the rat!
* * * LOW HITPOINT WARNING * * *
You feel very sick. Something hits you.
* * * LOW HITPOINT WARNING * * *
You are more poisoned.
You feel much better.
You feel extremely sick.
As you read the scroll labelled ONOOTHRO HEERRE, it crumbles to dust.
It is a scroll of identify.
i - a scroll of enchant armour You feel very sick.
Something hits you but does no damage.
You are more poisoned.
As you read the scroll of enchant armour, it crumbles to dust.
Your +2 scale mail of cold resistance glows green for a moment.
You feel very sick. Something hits you but does no damage.
Unknown command.
As you read the scroll labelled QINNETRIPRU, it crumbles to dust.
It is a scroll of brand weapon.
Your +0 mace thirsts for the lives of mortals!
o - a +0 vampiric mace You feel very sick.
You feel a sense of dread.
o - a +0 vampiric mace (weapon)
You feel sick. Something hits you.
* * * LOW HITPOINT WARNING * * *
You are more poisoned.
* * * LOW HITPOINT WARNING * * *
You feel very sick.
You see here a rat corpse.
You barely miss something.
You die...

#w.## ###########. #..#
..........#.# ##.#
#########.#..# ##..#
.......##.##..# ##..##
######.##.# #..###..#.# ..#
#.##.# #..#..#.## #.#
#..†.# #.{.#.#.#
#)##############h#######
.......................#
..>..................#.####
#..################.##(...#
#..# #.....####.## #..#
#.##### #.# #..# #.# ###.##
#..# #.# #....# #..# #.#
#.####


There were no monsters in sight!

Vanquished Creatures
  A scorpion (D:2)
  Terence (D:2)
  2 dart slugs
  A ribbon worm (D:2)
  A bat (D:1)
  6 endoplasms
  4 goblins
  3 hobgoblins (D:1)
  A quokka (D:2)
  A ball python (D:1)
  6 kobolds
  4 rats
31 creatures vanquished.

Notes
Turn   | Place    | Note
-------+----------+-------------------------------------------
     0 | D:1      | tizbic2 the Demonspawn Shapeshifter began the quest for the
                  | Orb.
     0 | D:1      | Reached XP level 1. HP: 15/15 MP: 1/1
   194 | D:1      | Reached skill level 1 in Invocations
   194 | D:1      | Gained mutation: You regenerate a little health from kills.
                  | [demonic ancestry]
   194 | D:1      | Reached XP level 2. HP: 18/21 MP: 2/2
  1067 | D:2      | Noticed Terence
  1093 | D:2      | Killed Terence
  1094 | D:2      | Reached XP level 3. HP: 7/26 MP: 0/4
  1405 | D:2      | Noticed a scorpion
  1412 | D:2      | Killed a scorpion
  1413 | D:2      | Gained mutation: You have a somewhat thin skeletal
                  | structure. (Dex +2, Stealth+) [demonic ancestry]
  1413 | D:2      | Reached XP level 4. HP: 32/33 MP: 4/6
  1414 | D:2      | Noticed Sigmund
  1446 | D:2      | Gained mutation: You are dopey. (Int -2) [potion of
                  | mutation]
  1446 | D:2      | Gained mutation: You have sharp toenails. [potion of
                  | mutation]
  1446 | D:2      | Lost mutation: You are dopey. (Int -2) [potion of mutation]
  1446 | D:2      | Gained mutation: You are resistant to electric shocks.
                  | (rElec) [potion of mutation]
  1457 | D:2      | Succumbed to Sigmund's poison

Illustrated notes

Levels and vault maps discovered:
D:1:      dpeg_arrival_renting, layout_loops_ring
D:2:      minmay_diamond_boxcup, layout_basic, uniq_terence, uniq_sigmund

Skill      XL: |  1  2  3 |
---------------+----------+-----
Invocations    | 1 2 |  2.8
Dodging        | 2 |  2.3
Unarmed Combat | 3 |  3.4
Shapeshifting  | 3 |  3.0
Fighting       | |  1.8
Staves         | |  0.8

Action                     |  1- 3 |  4- 6 || total
---------------------------+-------+-------++-------
  Melee: Unarmed           |    44 |       ||    44
         Mace              |    27 |     1 ||    28
         Staff             |    14 |       ||    14
         Hand axe          |    11 |       ||    11
         Punch             |     2 |     1 ||     3
         Dagger            |     3 |       ||     3
         Short sword       |     2 |    21 ||    23
         Kick              |       |     2 ||     2
    Use: Potion            |     1 |     5 ||     6
         Scroll            |       |     3 ||     3
   Stab: Sleeping          |     1 |     1 ||     2
 Armour: Animal skin       |    27 |       ||    27
         Skin              |     7 |       ||     7
         Robe              |    15 |       ||    15
         Scale mail        |     5 |    22 ||    27
  Dodge: Dodged            |    60 |     7 ||    67
   Form: Beast             |     3 |       ||     3
         Flux              |     2 |       ||     2
                           |     1 |       ||     1
